Description

Blah

Build Order

Get SALT Encoding   

  14  0:16  Pylon  
  17  0:45  Assimilator  
  18  1:04  Nexus  
  20  1:22  Gateway  
  21  1:32  Pylon  
  22  1:45  Forge  
  24  2:09  Cybernetics Core  
  28  2:27  Assimilator  
  30  2:38  Gateway  
  32  2:49  Protoss Ground Weapons Level 1  
  32  2:50  Warp Gate  
  34  2:59  Twilight Council  
  35  3:05  Gateway x2  
  37  3:10  Mothership Core  
  38  3:17  Gateway  
  39  3:21  Pylon  
  40  3:29  Adept  
  42  3:34  Gateway  
  44  3:41  Adept  
  46  3:44  Resonating Glaives  
  46  3:47  Pylon  
  47  3:52  Adept x5  
  57  4:15  Pylon x2  
  58  4:20  Adept  
  60  4:54  Adept x6  
Spawning Tool Build Advisor. Get it on Overwolf

Analysis

Blah

Go to:

Details

  • Created by: Niveded
  • Published on: Sep 02, 2017
  • Modified on: Sep 02, 2017
  • Patch: 3.8.0
Show
View Real Time Build Order
Export as new Build Order

Comments (0)

There are no comments. Be the first!

Create an account to comment!